 Dungeon Crawl Stone Soup version 0.30-a0-867-g305f33218d (webtiles) character file.

Game seed: 16422970062308954418

43 iguanaiguana the Chiller (level 3, -1/27 HPs)
             Began as an Armataur Ice Elementalist on Mar 10, 2023.
             Splashed by a jelly's acid (8 damage)
             ... on level 4 of the Dungeon.
             The game lasted 00:03:09 (365 turns).

iguanaiguana the Chiller (Armataur Ice Elementalist) Turns: 365, Time: 00:03:10

Health: -1/27      AC:  8    Str: 15    XL:     3   Next: 37%
Magic:  2/6        EV:  8    Int: 19    God:
Gold:   18         SH:  0    Dex: 10    Spells: 3/7 levels left

rFire   + + .      SeeInvis .    j - +0 hand axe
rCold   . . .      Faith    .    (no shield)
rNeg    . . .      Spirit   .    m - +0 ring mail of Fortitude {rF++ Str+2 Int+2}
rPois   .          Reflect  .    k - +2 helmet
rElec   .          Roll     +    (no cloak)
rCorr   .                        (no gloves)
Will    .....                    (no barding)
Stlth   +                        (no amulet)
HPRegen 0.24/turn                (no ring)
MPRegen 0.10/turn                (no ring)

@: no status effects
A: large, rugged brown scales 3, deformed body, armoured tail, roll, long
tongue, awkward tongue
a: no special abilities


You were on level 4 of the Dungeon.
You visited 1 branch of the dungeon, and saw 4 of its levels.

You collected 18 gold pieces.

Inventory:

Hand Weapons
 j - a +0 hand axe (weapon)
Armour
 a - a +0 robe
 g - a +0 robe of cold resistance
 k - a +2 helmet (worn)
 m - the +0 ring mail of Fortitude (worn) {rF++ Str+2 Int+2}
   (You found it on level 2 of the Dungeon)

   Str:       It affects your strength (+2).
   Int:       It affects your intelligence (+2).
   rF:        It greatly protects you from fire.
Scrolls
 c - 3 scrolls of identify {unknown}
 d - 2 scrolls of teleportation {unknown}
 e - a scroll of blinking {unknown}
 h - a scroll of noise {unknown}
 i - a scroll of enchant armour {unknown}
Potions
 b - a potion of magic
 f - a potion of attraction {unknown}
 l - a potion of invisibility {unknown}


   Skills:
 - Level 1.3 Dodging
 - Level 2.1 Stealth
 - Level 2.5 Spellcasting
 * Level 4.3 Ice Magic


You had 3 spell levels left.
You knew the following spells:

 Your Spells              Type           Power      Damage    Failure   Level
a - Freeze                Ice            72%        1d8       5%          1
b - Frozen Ramparts       Ice            36%        1d6       16%         3

Your spell library contained the following spells:

 Spells                   Type           Power      Damage    Failure   Level
 Ozocubu's Armour         Ice            18%        N/A       16%         3
 Summon Ice Beast         Ice/Summ       10%        N/A       78%         4


Dungeon Overview and Level Annotations

Branches:
Dungeon (4/15) Zot: 23616
 Temple: D:4-7

Altars:


Innate Abilities, Weirdness & Mutations

You are completely covered in rugged brown scales. (AC +3, +7% HP)
Armour fits poorly on your strangely shaped body.
You have a long armoured tail.
You roll when moving toward enemies. (Rampage)
Your long tongue fully drains potion bottles. (2x potion effects)
Your tongue gives you trouble enunciating. (1.5x scroll delay)


Message History

The endoplasm is moderately wounded.
The endoplasm jiggles.
The endoplasm freezes you.
You are frozen.
* * * LOW HITPOINT WARNING * * *
You barely miss the endoplasm.
The endoplasm is moderately wounded.
The endoplasm freezes you.
You are frozen.
* * * LOW HITPOINT WARNING * * *
Casting: Frozen Ramparts (quite dangerous; 16% risk of failure)
Confirm with . or Enter, or press ? or * to list all spells.
Casting: Frozen Ramparts (quite dangerous; 16% risk of failure)
Press: ? - help, Dir - look around, f - activate The walls around you are covered in ice.
The wall freezes the endoplasm.
You hit the endoplasm but do no damage.
The endoplasm is heavily wounded.
The wall freezes the endoplasm.
You kill the endoplasm!
The frozen ramparts melt away as you move.
There is an escape hatch in the ceiling here.
Casting: Frozen Ramparts (quite dangerous; 16% risk of failure)
Confirm with . or Enter, or press ? or * to list all spells.
Okay, then.
There is a stone staircase leading down here.
You climb downwards.
There is a stone staircase leading up here.
Casting: Frozen Ramparts (quite dangerous; 16% risk of failure)
Confirm with . or Enter, or press ? or * to list all spells.
Aiming: Freeze (safe; 5% risk of failure)
Press: ? - help, Shift-Dir - straight line, f - jelly
Aim: a jelly You freeze the jelly!
The jelly is heavily wounded.
The jelly jiggles.
The jelly hits you.
* * * LOW HITPOINT WARNING * * *
You are splashed with acid!
You die...

...#########
..........#
........?##.
#...........
#...........
#..!.....#
#####........##
#......@J......
............#..
............#
...............
.........####..
.......... .
..........
........#..


You could see a jelly.

Vanquished Creatures
  2 adders (D:2)
  An orc (D:2)
  4 ball pythons
  4 endoplasms
  3 goblins
  A hobgoblin (D:3)
  2 bats (D:2)
  2 frilled lizards
  3 kobolds
  2 rats
24 creatures vanquished.

Notes
Turn   | Place    | Note
-------+----------+-------------------------------------------
     0 | D:1      | iguanaiguana the Armataur Ice Elementalist began the quest
                  | for the Orb.
     0 | D:1      | Reached XP level 1. HP: 14/14 MP: 3/3
   111 | D:2      | Reached XP level 2. HP: 21/21 MP: 0/5
   170 | D:2      | Reached skill level 4 in Ice Magic
   254 | D:2      | Reached XP level 3. HP: 27/27 MP: 0/6
   275 | D:2      | Learned a level 3 spell: Frozen Ramparts
   288 | D:2      | Identified the +0 ring mail of Fortitude {rF++ Str+2 Int+2}
   365 | D:4      | Splashed by a jelly's acid

Illustrated notes

Levels and vault maps discovered:
D:1:      eino_arrival_water_star, layout_basic, minivault_24,
          hangedman_decor_points
D:2:      layout_basic
D:3:      layout_loops_cross, minmay_goblin_outpost, uniq_robin
D:4:      layout_rooms, tgw_xom, uniq_sigmund

Skill      XL: |  1  2 |
---------------+-------+-----
Spellcasting   | 2 |  2.5
Ice Magic      | 4 |  4.3
Dodging        | |  1.3
Stealth        | |  2.1

Action                     || total
---------------------------++-------
  Melee: Hand axe          ||    59
         Unarmed           ||     1
         Tailslap          ||     4
   Cast: Freeze            ||    13
         Frozen Ramparts   ||     2
   Stab: Sleeping          ||     1
 Armour: Robe              ||    39
         Ring mail         ||    19
  Dodge: Dodged            ||    41

Table legend: (Time is in decaauts)
 A = Elapsed time spent in this place.
 B = Non-inter-level travel time spent in this place.
 C = Inter-level travel time spent in this place.
 D = Time resting spent in this place.
 E = Time spent auto-exploring this place.
 F = Levels seen in this place.
 G = Mean time per level.
                   A        B        C        D        E       F      G
               +--------+--------+--------+--------+--------+-----+--------+
         Total |    382 |    382 |      0 |      0 |      0 |   4 |   95.5 |
       Dungeon |    382 |    382 |      0 |      0 |      0 |   4 |   95.5 |
               +--------+--------+--------+--------+--------+-----+--------+

Top non-repeatable levels by time:
     D:2: 183 daAuts
     D:1: 102 daAuts
     D:3: 87 daAuts
     D:4: 8 daAuts
